 Dungeon Crawl Stone Soup version 0.17-a0-1718-g72dbe4d (webtiles) character file.

310 kae the Slasher (level 6, -8/51 HPs)
             Began as a Minotaur Fighter on Aug 25, 2015.
             Mangled by Menkaure (12 damage)
             ... on level 4 of the Dungeon.
             The game lasted 00:02:33 (2782 turns).

kae the Slasher (Minotaur Fighter)                  Turns: 2782, Time: 00:02:33

Health: -8/51      AC:  8    Str: 20    XL:     6   Next: 17%
Magic:  5/5        EV:  7    Int:  7    God:
Gold:   139        SH:  0    Dex: 10    Spells: 0 memorised, 5 levels left

rFire  + . .     SeeInvis .     a - +1 long sword
rCold  . . .     Clarity  .     b - +0 scale mail
rNeg   . . .     SustAt   .     c - +0 shield
rPois  .         Gourm    .     (helmet restricted)
rElec  .         Spirit   .     s - +0 cloak
rCorr  .         Warding  .     (no gloves)
rMut   .         Stasis   .     (no boots)
MR     .....                    p - amulet of rage
Stlth  ..........               k - ring of stealth
                                o - ring of protection from fire

@: confused, exhausted, hasted and slowed, not resistant to hostile
enchantments, extremely unstealthy
A: retaliatory headbutt, horns 2
a: Evoke Berserk Rage


You were on level 4 of the Dungeon.
You were hungry.

You visited 1 branch of the dungeon, and saw 4 of its levels.

You collected 139 gold pieces.

Inventory:

Hand weapons
 a - a +1 long sword (weapon)
Armour
 b - a +0 scale mail (worn)
 c - a +0 shield (worn)
 s - a +0 cloak (worn)
Jewellery
 j - an uncursed ring of ice
 k - a ring of stealth (right hand)
 m - an uncursed amulet of resist corrosion
 o - a ring of protection from fire (left hand)
 p - an amulet of rage (around neck)
 x - an uncursed ring of stealth
Scrolls
 f - 2 scrolls of identify
Potions
 h - a potion of ambrosia
 n - a potion of magic
Comestibles
 e - 4 bread rations
 l - 3 beef jerkies
 q - a meat ration
 t - a slice of pizza
 z - 3 fruits


   Skills:
 - Level 3.6 Fighting
 + Level 7.9 Long Blades
 - Level 3.6 Armour
 - Level 3.6 Shields


You had 5 spell levels left.
You didn't know any spells.

Dungeon Overview and Level Annotations

Branches:
Dungeon (4/15)
 Temple: D:4-7

Altars:
Ashenzari
Fedhas
Nemelex Xobeh
Ru
Sif Muna

Annotations:
D:4 Menkaure, Sigmund


Innate Abilities, Weirdness & Mutations

You reflexively headbutt those who attack you in melee.
You have a pair of horns on your head.


Message History

You block Menkaure's attack. Sigmund gestures at you while chanting.
You are confused.
Unknown command.
Menkaure gestures at you while chanting.
You barely resist. Sigmund casts a spell at you. The magic dart hits you!
* * * LOW HITPOINT WARNING * * *
Sigmund hits you with a scythe of freezing.
* * * LOW HITPOINT WARNING * * *
Sigmund freezes you.
* * * LOW HITPOINT WARNING * * *
Drink which item? (? for menu, Esc to quit)
Okay, then.
You're too confused!
Unknown command.
Drink which item? (? for menu, Esc to quit)
You feel yourself speed up. Menkaure barely misses you. Menkaure hits you!
You die...

...... .. . .#....
... ..#..... ##....#
..# .....####.....#
...#
.....##......##...
#.....!.....#..#
#..........$..#
#.@M.........##
#.@...........####
#.......##<.......
##.......##........
#......[<.....######
##.........##.#
#...#..##.## #.
..####.###.# #. ##
#.# #.# # ### ###


You could see Sigmund and Menkaure.

Vanquished Creatures
  Edmund (D:4)
  An orc priest (D:3)
  A hound (D:4)
  An orc wizard (D:3)
  A hound skeleton (D:4)
  3 adders (D:3)
  An ooze (D:2)
  2 worms
  A giant gecko (D:3)
  4 orcs (D:3)
  5 giant cockroaches
  2 hobgoblins
  5 jackals
  8 kobolds
  6 bats
  5 giant newts
  6 goblins
  8 rats
61 creatures vanquished.

Notes
Turn   | Place    | Note
--------------------------------------------------------------
     0 | D:1      | kae the Minotaur Fighter began the quest for the Orb.
     0 | D:1      | Reached XP level 1. HP: 19/19 MP: 0/0
    99 | D:1      | Reached XP level 2. HP: 13/26 MP: 1/1
   614 | D:2      | Found a sparkling altar of Nemelex Xobeh.
   618 | D:2      | Reached skill level 4 in Long Blades
   931 | D:2      | Found a shattered altar of Ashenzari.
   943 | D:2      | Reached XP level 3. HP: 29/31 MP: 2/2
  1251 | D:2      | Found a sacrificial altar of Ru.
  1480 | D:3      | Reached skill level 5 in Long Blades
  1549 | D:3      | Reached XP level 4. HP: 39/39 MP: 3/3
  1570 | D:3      | Found a deep blue altar of Sif Muna.
  1805 | D:3      | Reached skill level 6 in Long Blades
  1805 | D:3      | Reached XP level 5. HP: 21/45 MP: 4/4
  2006 | D:3      | Found a blossoming altar of Fedhas.
  2144 | D:4      | Noticed Edmund
  2155 | D:4      | Killed Edmund
  2155 | D:4      | Reached skill level 7 in Long Blades
  2161 | D:4      | Noticed Menkaure
  2163 | D:4      | Noticed Sigmund
  2163 | D:4      | Reached XP level 6. HP: 37/51 MP: 5/5
  2782 | D:4      | Mangled by Menkaure

Vault maps used:
D:1:      lightli_iron_boxes
D:2:      nicolae_ru_the_path_less_chosen, ashenzari_altar_1,
          nemelex_xobeh_ov_fountains_minmay
D:3:      fedhas_altar_2, led_sif_pool, first_bread,
          minmay_misc_feat_more_columns, dk_noncrumbling_3
D:4:      gammafunk_temple_overflow_elements, overflow_temple_1_default,
          kennysheep_generic_room_4, uniq_edmund, uniq_sigmund, uniq_menkaure

Action                   |  1- 3 |  4- 6 || total
-------------------------+-------+-------++-------
Melee: Long sword        |    82 |    76 ||   158
 Abil: Evoke Berserk Rag |       |     1 ||     1
  Use: Potion            |       |     4 ||     4
       Scroll            |       |     6 ||     6
  Eat: Chunk             |     2 |     4 ||     6
